[Event "*** SCC Grand Prix: Titled Tuesday Blitz"]
[Site "Chess.com"]
[Date "2020.06.02"]
[Round "1"]
[White "Maksimus1998"]
[Black "VladimirBugayev"]
[Result "1-0"]
[WhiteElo "2522"]
[BlackElo "2154"]
[TimeControl "180+1"]
[EndTime "10:07:30 PDT"]
[Termination "Maksimus1998 won by checkmate"]

1. e4 c6 2. d4 d5 3. exd5 cxd5 4. Bd3 Nc6 5. c3 Qc7 6. Ne2 Bg4 7. O-O Nf6 8. Qe1 Bh5 9. Bf4 Qd7 10. Ng3 Bg6 11. Qe2 e6 12. Nd2 Bxd3 13. Qxd3 Bd6 14. Bg5 Be7 15. Rae1 O-O 16. Nf3 h6 17. Bxf6 Bxf6 18. Nh5 Qd8 19. Ne5 Bxe5 20. dxe5 Qg5 21. Qh3 g6 22.
Nf6+ Kg7 23. f4 Qf5 24. Qxf5 gxf5 25. Re3 Ne7 26. h4 Rfc8 27. Rd1 Rc4 28. b3 Rc7 29. h5 Rac8 30. Rdd3 a5 31. Kf2 b5 32.
Rg3+ Kf8 33. Nh7+ Ke8 34. Rg7 Rxc3 35. Nf6+ Kf8 36. Rxc3 Rxc3 37. Rh7 Rc2+ 38. Kf3 Rc3+ 39. Kf2 Rc2+ 40. Kg1 Rxa2 41. Rh8+ Kg7 42. Rh7+ Kf8 43. Rxh6 a4 44. bxa4 bxa4 45. Rh8+ Kg7 46. Rh7+ Kf8 47.
h6 Ng6 48. Rg7 a3 49. Rg8+ Ke7 50. Re8# 1-0

[Event "*** SCC Grand Prix: Titled Tuesday Blitz"]
[Site "Chess.com"]
[Date "2020.06.02"]
[Round "1"]
[White "2346PL"]
[Black "PSvidler"]
[Result "0-1"]
[WhiteElo "2454"]
[BlackElo "3032"]
[TimeControl "180+1"]
[EndTime "10:07:31 PDT"]
[Termination "PSvidler won by resignation"]

1. d4 Nf6 2. Bg5 Ne4 3. Bf4 c5 4. dxc5 e6 5. Nd2 Nxc5 6. e4 d5 7. Ngf3 dxe4 8. Ng5 Be7 9. Ngxe4 O-O 10. Nxc5 Bxc5 11.
Ne4 Be7 12. Bd3 Nc6 13. a3 f5 14. Nc3 e5 15. Bc4+ Kh8 16. Qxd8 Rxd8 17. Be3 f4 18. Bd2 Bf5 19. O-O-O Nd4 20. Bd3 Nb3+ 21. Kb1 Nxd2+ 22. Rxd2 e4 23. Re2 exd3 24. Rxe7 dxc2+ 25. Kc1 Rab8 26. Rhe1 h6 27. f3 Kh7 28. Rc7 Rd4 29. Ne4 Rbd8 30.
Re2 Bxe4 31. fxe4 R8d7 32. Rxd7 Rxd7 33. Kxc2 Kg6 34. Rf2 Kg5 35. g3 fxg3 36. hxg3 Kg4 37. e5 Kxg3 38. Rf8 Re7 39. Kd3 Rxe5 40. Rf7 g5 41.
Rxb7 h5 42. Rxa7 h4 43. Rh7 h3 44. b4 h2 45. a4 Re1 46. a5 h1=Q 47. Rxh1 Rxh1 48. a6 Ra1 49. b5 Kf4 50. Kc4 g4 51.
Kc5 g3 52. b6 g2 0-1

[Event "*** SCC Grand Prix: Titled Tuesday Blitz"]
[Site "Chess.com"]
[Date "2020.06.02"]
[Round "1"]
[White "mbojan"]
[Black "Ave_Mariia"]
[Result "1-0"]
[WhiteElo "2617"]
[BlackElo "2278"]
[TimeControl "180+1"]
[EndTime "10:07:31 PDT"]
[Termination "mbojan won by resignation"]

1. e4 c5 2. Nf3 d6 3. d4 cxd4 4. Nxd4 Nf6 5. Nc3 g6 6. Be3 Bg7 7. f3 O-O 8. Qd2 Nc6 9. O-O-O d5 10. Nxc6 bxc6 11. Bh6 Be6 12. e5 Nd7 13. Bxg7 Kxg7 14.
h4 h5 15. g4 Rh8 16. Be2 Nxe5 17. gxh5 Rxh5 18. f4 Ng4 19. Rdg1 Qd7 20. Qd1 f5 21.
Bxg4 fxg4 22. Qd4+ Kh7 23. Na4 Bf5 24. Nc5 Qd6 25. Re1 Re8 26. Re5 Kg8 27. b3 Rh7 28.
Kb2 Qf6 29. Qa4 Rxh4 30. Rxh4 Qxh4 31. Qxc6 Rd8 32. Rxd5 Rxd5 33. Qxd5+ e6 34. Qa8+ Kh7 35. Qxa7+ Kh6 36. Nd7 g3 37. Ne5 Qxf4 38. Qc7 Qd4+ 39. c3 Qd2+ 40. Ka3 g2 41. Nf7+ Kh5 42. Qh2+ Kg4 43. Ne5+ Kg5 44. Nf3+ 1-0

[Event "*** SCC Grand Prix: Titled Tuesday Blitz"]
[Site "Chess.com"]
[Date "2020.06.02"]
[Round "1"]
[White "monalize"]
[Black "SirMittensofMittensville"]
[Result "1-0"]
[WhiteElo "2294"]
[BlackElo "2596"]
[TimeControl "180+1"]
[EndTime "10:07:31 PDT"]
[Termination "monalize won by resignation"]

1. e4 e5 2. Nf3 Nc6 3. Bb5 a6 4. Bxc6 dxc6 5. O-O f6 6. d4 Bg4 7. dxe5 Qxd1 8. Rxd1 Bxf3 9. gxf3 fxe5 10. Be3 Ne7 11.
Nd2 Ng6 12. Nc4 Be7 13. Kf1 Rd8 14. Ke2 Rf8 15. Rxd8+ Kxd8 16. Rd1+ Kc8 17. Rg1 Kd7 18. Rd1+ Ke6 19. Na5 Rb8 20. b3 Bb4 21. Nc4 b5 22.
Nb2 Rf8 23. Nd3 Bd6 24. Rg1 Rf7 25. Rg4 Nf8 26. c4 Nd7 27. c5 Be7 28. b4 Bf6 29. Rg1 Rf8 30. a4 Ra8 31. Ra1 h5 32.
axb5 cxb5 33. c6 Nb8 34. Rc1 Be7 35. f4 exf4 36. Nxf4+ Kf7 37. Nd5 Bd6 38. f4 a5 39.
bxa5 Rxa5 40. e5 Ba3 41. Rc2 Ra6 42. Nxc7 Rxc6 43. Rxc6 Nxc6 44. Nxb5 Bf8 45. Kf3 g6 46. Ke4 Nd8 47. Kd5 Ke8 48. e6 Nb7 49. Bb6 Bb4 50. Kc6 Na5+ 51. Bxa5 Bxa5 52. Kd6 Bb4+ 53. Ke5 Ke7 54.
f5 gxf5 55. Kxf5 Bc5 56. h3 Bf2 57. Nc3 Bc5 58. Ne4 Bb4 59. Nf6 h4 60. Nd5+ Kd6 61.
Nxb4 Ke7 62. Ke5 Kf8 63. Nd5 Kg7 64. Kd6 Kg6 65. e7 Kf7 66. Kd7 1-0

[Event "*** SCC Grand Prix: Titled Tuesday Blitz"]
[Site "Chess.com"]
[Date "2020.06.02"]
[Round "1"]
[White "DrRiebert"]
[Black "HonzaVykouk"]
[Result "0-1"]
[WhiteElo "2284"]
[BlackElo "2624"]
[TimeControl "180+1"]
[EndTime "10:07:32 PDT"]
[Termination "HonzaVykouk won by resignation"]

1. e4 c5 2. Nf3 d6 3. d4 cxd4 4. Nxd4 Nf6 5. Nc3 a6 6. Nb3 e6 7.
g4 b5 8. a3 Bb7 9. Bg2 Qc7 10.
Be3 Be7 11. g5 Nfd7 12. f4 Nc6 13. Qe2 Nb6 14. Nd2 O-O 15. h4 Rfe8 16. h5 d5 17.
exd5 exd5 18. Bxb6 Qxb6 19. Nxd5 Qd4 20. c3 Qc5 21.
Ne4 Qxd5 22. Nf6+ Bxf6 23. Bxd5 Rxe2+ 24. Kxe2 Re8+ 25. Kf2 Bd8 26. g6 Bb6+ 27. Kg2 Re2+ 28. Kg3 Re3+ 29. Kg2 Nd8 30. Bxb7 Nxb7 31. Rhe1 hxg6 32.
hxg6 fxg6 33. Rxe3 Bxe3 34. Kf3 Bc5 35. Rd1 Bd6 36. Ke4 Kf7 37. Kd5 Bxf4 38. Kc6 Na5+ 39.
Kb6 Nc4+ 40. Kxa6 Nxb2 41. Rf1 g5 42. Kxb5 Ke6 43. a4 Kd6 44. a5 Kc7 45. a6 Nd3 46. c4 g4 47. Rd1 Ne5 48. Ra1 Kb8 49. c5 g3 50. a7+ Ka8 51. c6 Nd3 52. Rd1 g2 53.
Rxd3 g1=Q 54. Rd8+ Kxa7 55. Rd7+ Kb8 56. Rd8+ Kc7 57.
Rd7+ Kc8 0-1

[Event "*** SCC Grand Prix: Titled Tuesday Blitz"]
[Site "Chess.com"]
[Date "2020.06.02"]
[Round "1"]
[White "aisha_zakirova"]
[Black "kleopl"]
[Result "0-1"]
[WhiteElo "1937"]
[BlackElo "2467"]
[TimeControl "180+1"]
[EndTime "10:07:32 PDT"]
[Termination "kleopl won by resignation"]

1. d4 f5 2. e4 fxe4 3. Nc3 Nf6 4. Bg5 Nc6 5. Nge2 d5 6. Nf4 e6 7. Bb5 Bb4 8. O-O O-O 9. Nh5 Be7 10. Nf4 a6 11. Bxc6 bxc6 12. f3 exf3 13. Qxf3 Rf7 14. Rae1 Qd6 15. Qe2 c5 16. Nxe6 Bxe6 17. Qxe6 cxd4 18. Bxf6 Qxe6 19. Rxe6 Bxf6 20. Nxd5 Bg5 21.
Rxf7 Kxf7 22. Nxc7 Rc8 23. Rc6 Bf4 24. Rxa6 Rxc7 25.
Ra5 Be3+ 26. Kf1 Rxc2 27. b4 Rf2+ 28. Ke1 Rxg2 29. Rf5+ Ke6 30. Rf3 Rxa2 31. b5 Rb2 32. Rh3 h6 33. Rh5 Bg5 34. h4 Bf6 35. Kd1 Be5 36. Kc1 Rxb5 37. Kd1 Rb2 38. Ke1 d3 39. Kd1 Bf4 40. Ke1 0-1

[Event "*** SCC Grand Prix: Titled Tuesday Blitz"]
[Site "Chess.com"]
[Date "2020.06.02"]
[Round "1"]
[White "Barmen_EV"]
[Black "Aygehovit1992"]
[Result "0-1"]
[WhiteElo "2359"]
[BlackElo "2719"]
[TimeControl "180+1"]
[EndTime "10:07:33 PDT"]
[Termination "Aygehovit1992 won by checkmate"]

1. d4 Nf6 2. c4 g6 3. Nc3 Bg7 4.
e4 d6 5. f4 O-O 6. Nf3 c5 7. d5 e6 8. Be2 exd5 9. cxd5 Re8 10. e5 dxe5 11. fxe5 Ng4 12. Bg5 Qb6 13. O-O Nxe5 14.
Nxe5 Bxe5 15. Bc4 Bf5 16. Nb5 Nd7 17. d6 a6 18. Nc7 Bd4+ 19. Kh1 Qxd6 20. Nxa8 Rxa8 21.
Qf3 Ne5 22. Qxb7 Rb8 23. Qxa6 Nxc4 24. Qxc4 Rxb2 25. Rad1 Be6 26. Qd3 Qd5 27. Qg3 Qxa2 28. Ra1 Qd5 29. Bh6 Be5 30. Qg5 f6 31. Rad1 Qxd1 32.
Rxd1 fxg5 33. Re1 Bc3 34. Rf1 Bf5 35. g4 Be4+ 36. Kg1 Bd4+ 37. Rf2 Bxf2+ 38. Kf1 Be3 39. h4 Bf3 40. Bxg5 Rb1# 0-1

[Event "*** SCC Grand Prix: Titled Tuesday Blitz"]
[Site "Chess.com"]
[Date "2020.06.02"]
[Round "1"]
[White "Heineccius"]
[Black "joksijoksi"]
[Result "1-0"]
[WhiteElo "2668"]
[BlackElo "2332"]
[TimeControl "180+1"]
[EndTime "10:07:33 PDT"]
[Termination "Heineccius won by checkmate"]

1. d4 e6 2. c4 d5 3. Nc3 c6 4. e3 Bd6 5. Nf3 f5 6. Bd3 Nf6 7. O-O O-O 8. Qc2 Ne4 9. Rb1 Nd7 10.
b4 g5 11. Ne2 g4 12. Nd2 Rf6 13. Nf4 Rh6 14. g3 Qg5 15. f3 Bxf4 16. exf4 Qh5 17. Nxe4 dxe4 18. fxe4 Nf6 19. e5 Ne4 20. Bxe4 fxe4 21.
f5 exf5 22. Bxh6 Qxh6 23. Qc1 Qg6 24. Qf4 Be6 25. Rbc1 Rd8 26. Rfd1 b6 27. Rd2 a6 28. a4 h5 29. h4 Kg7 30. Kh2 Kf7 31. b5 axb5 32. cxb5 cxb5 33. Rc7+ Kg8 34. axb5 Ra8 35. Rdc2 Ra2 36. Rxa2 Bxa2 37. Rc6 Qg7 38. d5 Bxd5 39.
Rxb6 Qf7 40. Rd6 Kf8 41. Qg5 Ke8 42. Rd8# 1-0

[Event "*** SCC Grand Prix: Titled Tuesday Blitz"]
[Site "Chess.com"]
[Date "2020.06.02"]
[Round "1"]
[White "biaf13"]
[Black "aa175"]
[Result "0-1"]
[WhiteElo "1991"]
[BlackElo "2472"]
[TimeControl "180+1"]
[EndTime "10:07:33 PDT"]
[Termination "aa175 won by checkmate"]

1. e4 c5 2. Nf3 d6 3. d4 cxd4 4. Nxd4 Nf6 5. Nc3 a6 6. Be3 e6 7. f3 b5 8. Qd2 Nbd7 9. O-O-O Bb7 10. g4 h6 11. h4 b4 12. Nce2 d5 13. exd5 Nxd5 14.
Bf2 Qa5 15. Kb1 Ne5 16. Nb3 Qc7 17. Ned4 Rd8 18. Qe2 Bd6 19. Bh3 Nf4 20. Qe3 Nc4 21. Qe1 O-O 22. g5 h5 23. Bg3 Nxh3 24. Bxd6 Rxd6 25.
Rxh3 a5 26. Nb5 Rxd1+ 27. Qxd1 Qe5 28. N5d4 a4 29. Nc1 Rd8 30. c3 bxc3 31. bxc3 Bd5 32. Qxa4 Qb8+ 33. Ncb3 Qf4 34. Nc5 Rb8+ 35. Ndb3 Qe3 36.
Rh1 Qxc5 37. Rd1 Na3+ 38. Ka1 Bxb3 39. axb3 Nc2+ 40. Kb2 Ne3 41. Rd3 Nc4+ 42. Kc2 Qf2+ 43. Kb1 Qe1+ 44. Ka2 Qe2+ 45. Ka1 Qb2# 0-1

[Event "*** SCC Grand Prix: Titled Tuesday Blitz"]
[Site "Chess.com"]
[Date "2020.06.02"]
[Round "1"]
[White "snap_man"]
[Black "RobertoJBM"]
[Result "0-1"]
[WhiteElo "2298"]
[BlackElo "2635"]
[TimeControl "180+1"]
[EndTime "10:07:34 PDT"]
[Termination "RobertoJBM won by resignation"]

1. e4 c6 2. d4 d5 3. Nc3 dxe4 4.
Nxe4 Nd7 5. Nf3 Ngf6 6. Nxf6+ Nxf6 7. Bd3 Bg4 8. c3 Qd5 9. Be2 e6 10. O-O Bd6 11. h3 Bh5 12. c4 Qa5 13. b3 O-O 14. Bb2 Bxf3 15. Bxf3 Ba3 16. Bxa3 Qxa3 17. Qc1 Qxc1 18.
Raxc1 Rad8 19. Rfd1 Rd7 20. Rc2 Rfd8 21. Rcd2 Kf8 22.
b4 Ke7 23. a4 Kd6 24. b5 Kc7 25. a5 cxb5 26. cxb5 e5 27. d5 e4 28. d6+ Rxd6 29.
b6+ axb6 30. axb6+ Kc6 31. Rc2+ Kxb6 32. Rb1+ Ka7 33.
Rc7 Rb6 34. Rxb6 Kxb6 35. Rxf7 exf3 36. gxf3 Rd7 37. Rf8 Kc7 38. Rh8 b5 0-1

[Event "*** SCC Grand Prix: Titled Tuesday Blitz"]
[Site "Chess.com"]
[Date "2020.06.02"]
[Round "1"]
[White "lukas_111111"]
[Black "H3nriqueTV"]
[Result "1-0"]
[WhiteElo "2535"]
[BlackElo "2172"]
[TimeControl "180+1"]
[EndTime "10:07:34 PDT"]
[Termination "lukas_111111 won by resignation"]

1. e4 c5 2. Nf3 b6 3. d4 cxd4 4. Nxd4 Bb7 5. Nc3 a6 6. Bg5 Nc6 7. Nxc6 Bxc6 8. Qd2 Qc7 9. O-O-O e6 10. Bf4 Qb7 11. Bd6 Bxd6 12. Qxd6 Nf6 13. f3 b5 14. e5 Nd5 15. Ne4 O-O-O 16. Qc5 Kb8 17. Nd6 Qc7 18. Nxf7 Rhf8 19. Nxd8 Rxd8 20. Qd6 Qxd6 21. exd6 Rc8 22. Bd3 g6 23. h4 Kb7 24. h5 Nf4 25. hxg6 hxg6 26.
Be4 Nxg2 27. Bxc6+ Rxc6 28. Rh7 Kc8 29. Rg1 Nf4 30.
Rd1 Nd5 31. Rg7 Rxd6 32. Rxg6 Rc6 33. Rg8+ Kb7 34. f4 Kc7 35. f5 Ne3 36. fxe6 dxe6 37. Rg7+ Kb6 38. Rd2 e5 39. Rgd7 Nc4 40. Rd1 Kc5 41.
R7d5+ Kb4 42. R1d3 Ka5 43. b3 e4 44. Rc3 Kb4 45.
Rh3 Na3 46. Rd4+ Ka5 47. c3 b4 48. Rxb4 Nb5 49. Ra4+ Kb6 50. Rc4 Rd6 51. Rxe4 Rf6 52. Rhe3 Rf1+ 53. Re1 Rf2 54. Re6+ Kb7 55. Re7+ Kc6 56.
R1e6+ Kd5 57. c4+ Kd4 58. cxb5 Rxa2 1-0

[Event "*** SCC Grand Prix: Titled Tuesday Blitz"]
[Site "Chess.com"]
[Date "2020.06.02"]
[Round "1"]
[White "Jumbo"]
[Black "Irishchessman16"]
[Result "1-0"]
[WhiteElo "2830"]
[BlackElo "2414"]
[TimeControl "180+1"]
[EndTime "10:07:35 PDT"]
[Termination "Jumbo won by resignation"]

1. Nf3 c5 2. g3 Nc6 3. Bg2 e5 4.
O-O Be7 5. c4 Nf6 6. Nc3 O-O 7.
e3 d6 8. h3 Be6 9. b3 Nd7 10.
d4 exd4 11. exd4 Bf6 12. Be3 Qa5 13. Ne4 cxd4 14. Nxf6+ Nxf6 15. Nxd4 Bd7 16. Nxc6 Bxc6 17. Bxc6 bxc6 18. Qxd6 Qf5 19. Kh2 Qh5 20. Kg2 Rfe8 21. Qxc6 Rad8 22. Qf3 Qg6 23. Rad1 h5 24. Bxa7 Qc2 25.
Bd4 Re2 26. Rc1 Qxa2 27. Bxf6 gxf6 28. Qxf6 Rdd2 29. Rc3 h4 30. Rf3 Qa7 31. Qg5+ Kf8 32. Qh6+ Kg8 33. Qxh4 Qb7 34. Qg4+ Kf8 35. Kg1 Qb6 36.
h4 Qd6 37. h5 Rd1 38. Rxf7+ Kxf7 39. Qxe2 Rxf1+ 40. Kxf1 Qb4 41. Qf3+ Kg7 42. Kg2 1-0

[Event "*** SCC Grand Prix: Titled Tuesday Blitz"]
[Site "Chess.com"]
[Date "2020.06.02"]
[Round "1"]
[White "Lion-Al-Messi"]
[Black "AlexTriapishko"]
[Result "0-1"]
[WhiteElo "2351"]
[BlackElo "2704"]
[TimeControl "180+1"]
[EndTime "10:07:35 PDT"]
[Termination "AlexTriapishko won on time"]

1. e4 e5 2. Nf3 Nc6 3. Bb5 a6 4.
Ba4 Nf6 5. O-O d6 6. c3 Bd7 7.
Bc2 g6 8. d4 Bg7 9. Be3 O-O 10.
h3 exd4 11. cxd4 Nb4 12. Nc3 Nxc2 13. Qxc2 b5 14. e5 Bf5 15. Qb3 Ne4 16. Rad1 Nxc3 17. bxc3 Be4 18. Nd2 Bb7 19. f4 Qd7 20. Nf3 Rad8 21.
Ng5 dxe5 22. fxe5 Qd5 23. Qc2 f6 24. Nf3 fxe5 25. dxe5 Qe4 26. Qb3+ Bd5 27. Rxd5 Qxd5 28. Bd4 Qxb3 29. axb3 a5 30. Re1 a4 31. bxa4 bxa4 32. e6 Bxd4+ 33. Nxd4 Rfe8 34. Ra1 c5 35. Nb5 Rxe6 36.
Rxa4 Re2 37. Rg4 Kg7 38. Nc7 h5 39. Rg3 Rd1+ 40. Kh2 Ree1 41. Rf3 h4 42. g3 Re2+ 0-1

[Event "*** SCC Grand Prix: Titled Tuesday Blitz"]
[Site "Chess.com"]
[Date "2020.06.02"]
[Round "1"]
[White "Moon_stone123"]
[Black "andriipalchuk"]
[Result "0-1"]
[WhiteElo "2482"]
[BlackElo "2103"]
[TimeControl "180+1"]
[EndTime "10:07:35 PDT"]
[Termination "andriipalchuk won by checkmate"]

1. Nf3 Nf6 2. g3 d5 3. Bg2 c6 4. O-O Bg4 5. d3 Nbd7 6. Nbd2 e5 7. c4 Bd6 8. b3 O-O 9. Bb2 Re8 10. Qc2 e4 11. Nd4 Nc5 12. b4 exd3 13. exd3 Ne6 14. N4b3 Bxb4 15. a3 Bd6 16. cxd5 cxd5 17. Bxf6 Qxf6 18.
Bxd5 Rac8 19. Nc4 b5 20. Nxd6 Rxc2 21. Nxe8 Qe7 22. Bxe6 Bxe6 23. Nd4 Rc8 24. Rfe1 Qxe8 25. Rac1 h6 26. Rxc8 Qxc8 27. Nxb5 Qa6 28. Nd4 Qxd3 29. Nxe6 fxe6 30. h4 Qxa3 31. Rxe6 a5 32. h5 a4 33. Ra6 Qc1+ 34. Kg2 Qc4 35. Ra5 Qb4 36. Ra8+ Kh7 37. Kh3 a3 38. g4 Qb3+ 39. Kh4 a2 40. g5 Qc4+ 41. Kg3 hxg5 42. f3 Qf4+ 43. Kg2 Qd2+ 44.
Kg3 Qe1+ 45. Kg4 a1=Q 46. Rxa1 Qxa1 47. h6 gxh6 48. f4 Qd4 49. Kh5 gxf4 50. Kg4 Qe3 51. Kh5 f3 52. Kg4 f2 53. Kh4 f1=Q 54. Kh5 Qfh3# 0-1

[Event "*** SCC Grand Prix: Titled Tuesday Blitz"]
[Site "Chess.com"]
[Date "2020.06.02"]
[Round "1"]
[White "korbul"]
[Black "pfalcon1949"]
[Result "1-0"]
[WhiteElo "2478"]
[BlackElo "2013"]
[TimeControl "180+1"]
[EndTime "10:07:36 PDT"]
[Termination "korbul won by resignation"]

1. d4 Nf6 2. c4 e6 3. Nf3 Bb4+ 4. Nbd2 Qe7 5. g3 b6 6. Bg2 Bb7 7. O-O Bxd2 8. Bxd2 d6 9. Rc1 Nbd7 10. b3 O-O 11. Bc3 Ne4 12. Bb2 f5 13. Ne1 Ndf6 14.
Nd3 Rab8 15. Nf4 g5 16. Nd3 g4 17. f3 Ng5 18. Qd2 Qg7 19. Nf4 Rbe8 20. c5 Nd5 21.
Nxd5 Bxd5 22. cxd6 cxd6 23. Rc2 Rc8 24. Rxc8 Rxc8 25. Bc1 h6 26. Ba3 Qd7 27. Qf4 Rd8 28. fxg4 fxg4 29. Qxg4 Bxg2 30. Kxg2 Qc6+ 31. Kg1 Qe4 32.
Qxe4 Nxe4 33. Rc1 Rd7 34. Rc8+ Kg7 35. Kg2 Rf7 36. Kg1 d5 37. Bc1 Nf2 38. Bf4 Nh3+ 39. Kg2 Nxf4+ 40. gxf4 Rxf4 41. Rc7+ Rf7 42. Rxf7+ Kxf7 43. Kf3 Kf6 44. Kf4 b5 45. b4 a6 46. a3 Kf7 47. Ke5 Ke7 48. e3 Kd7 49. Kf6 Kd6 50.
Kg6 e5 51. Kxh6 Ke6 52. Kg6 exd4 53. exd4 Kd6 54. h4 Kc6 55. h5 Kb6 56. h6 a5 57.
h7 axb4 58. axb4 Kc6 1-0

[Event "*** SCC Grand Prix: Titled Tuesday Blitz"]
[Site "Chess.com"]
[Date "2020.06.02"]
[Round "1"]
[White "hellokostya"]
[Black "sergiochess83"]
[Result "1-0"]
[WhiteElo "2436"]
[BlackElo "2831"]
[TimeControl "180+1"]
[EndTime "10:07:37 PDT"]
[Termination "hellokostya won by resignation"]

1. d4 Nf6 2. c4 g6 3. Nc3 d5 4.
cxd5 Nxd5 5. e4 Nxc3 6. bxc3 Bg7 7. Nf3 c5 8. Be3 O-O 9. Be2 Qa5 10. O-O Nd7 11.
Qc2 b6 12. Nd2 cxd4 13. cxd4 Ba6 14. Nc4 Bxc4 15. Qxc4 Rac8 16. Qb5 Qxb5 17. Bxb5 Nb8 18. Rac1 Rfd8 19. d5 Bb2 20. Rxc8 Rxc8 21. Rb1 Ba3 22. h4 h5 23. Bf4 f6 24. Rb3 Bc5 25. a4 Kf7 26.
Bc4 Bd6 27. Bxd6 exd6 28. Bb5 Ke7 29. Kh2 Rc5 30. Kg3 Nd7 31. Bxd7 Kxd7 32. Kf4 Rc2 33. Rg3 Rxf2+ 34. Ke3 Ra2 35. Rxg6 Rxa4 36. Rxf6 b5 37.
Rf7+ Ke8 38. Rb7 a6 39. Kf4 Ra2 40. Kf5 Rxg2 41. Ra7 b4 42. Rxa6 b3 43. Rb6 b2 44.
e5 dxe5 45. Kxe5 Kd7 46. Rb7+ Kc8 47. Rb3 1-0

[Event "*** SCC Grand Prix: Titled Tuesday Blitz"]
[Site "Chess.com"]
[Date "2020.06.02"]
[Round "1"]
[White "attack2mateU"]
[Black "Sanroto99"]
[Result "1-0"]
[WhiteElo "2710"]
[BlackElo "2351"]
[TimeControl "180+1"]
[EndTime "10:07:37 PDT"]
[Termination "attack2mateU won on time"]

1. e4 e5 2. Nf3 Nc6 3. Bb5 a6 4.
Ba4 Nf6 5. O-O b5 6. Bb3 Be7 7. Re1 d6 8. c3 O-O 9. h3 Na5 10.
Bc2 c5 11. d4 Qc7 12. d5 c4 13. b4 Nb7 14. a4 Bd7 15. Be3 g6 16. Nbd2 Nh5 17.
Qe2 Ng7 18. Ra2 f5 19. Bh6 f4 20. Rea1 Rab8 21. axb5 axb5 22. Ra7 Qc8 23. Bd1 Nd8 24.
Nh2 Nf7 25. Bxg7 Kxg7 26. Ndf1 Bd8 27. Qa2 Bb6 28. Ra6 Bxh3 29. gxh3 Qxh3 30. Rxb6 Rxb6 31. Qa7 Rbb8 32. Ra3 Kg8 33. Bg4 Qd3 34. Be6 Kg7 35. Bxf7 Rxf7 36. Qxb8 f3 37. Ra8 Qxc3 38. Qh8+ Kh6 39.
Qg8 Rf4 40. Rf8 Rh4 41. Rf7 1-0

[Event "*** SCC Grand Prix: Titled Tuesday Blitz"]
[Site "Chess.com"]
[Date "2020.06.02"]
[Round "1"]
[White "Nayemhaque22"]
[Black "Anna_ChessMate"]
[Result "0-1"]
[WhiteElo "2219"]
[BlackElo "2562"]
[TimeControl "180+1"]
[EndTime "10:07:37 PDT"]
[Termination "Anna_ChessMate won by resignation"]

1. e4 c6 2. d4 d5 3. e5 Bf5 4.
Nf3 e6 5. Bd3 Ne7 6. O-O Nd7 7.
Bg5 Bxd3 8. Qxd3 h6 9. Bxe7 Bxe7 10. Nbd2 O-O 11. c4 dxc4 12. Nxc4 Nb6 13. Rfd1 Nxc4 14. Qxc4 Qb6 15. Rd2 Rad8 16. Rad1 Rd5 17. h3 Rfd8 18. b3 Qa5 19. a4 c5 20. Rd3 Rc8 21. dxc5 Rdxc5 22. Qg4 Rc1 23. Rxc1 Rxc1+ 24. Kh2 Qc7 25. Qe4 Rc2 26.
Nd4 Rxf2 27. Rg3 Rf1 28. Nb5 Qc1 29. Rc3 Rh1+ 30. Kg3 Qg5+ 31. Kf2 g6 32. Rc7 b6 33. Rc8+ Kg7 34. Rc2 Bc5+ 35. Nd4 Rd1 36. Rxc5 bxc5 37. Nf3 Qf5 38. Qe3 Qc2+ 39. Kg3 Rd3 40. Qxc5 Qxc5 0-1

[Event "*** SCC Grand Prix: Titled Tuesday Blitz"]
[Site "Chess.com"]
[Date "2020.06.02"]
[Round "1"]
[White "sunofadawn"]
[Black "aleksa74"]
[Result "1-0"]
[WhiteElo "2349"]
[BlackElo "2663"]
[TimeControl "180+1"]
[EndTime "10:07:38 PDT"]
[Termination "sunofadawn won by resignation"]

1. d4 Nf6 2. c4 e6 3. g3 d5 4.
Bg2 Be7 5. Nf3 O-O 6. Bf4 dxc4 7.
Qc2 Nd5 8. Qxc4 Nxf4 9. gxf4 Nc6 10. O-O Nb4 11. e3 Qd5 12. Nbd2 Qxc4 13. Nxc4 c6 14. Rfd1 Nd5 15. Nfe5 f6 16. Nd3 Bd7 17. Rac1 Be8 18.
Na5 Rb8 19. a3 Bh5 20. Rd2 h6 21. b4 g5 22. fxg5 hxg5 23. Nc5 Bxc5 24. dxc5 Rf7 25.
Nc4 Rh7 26. Nd6 Rd8 27. Rcd1 Rdd7 28. b5 Bxd1 29. Rxd1 Rh4 30. bxc6 bxc6 31. Rb1 Ra4 32. Rb8+ Kg7 33. Be4 Rxa3 34. Ne8+ Kf7 35. Nd6+ Kg7 36.
Ne8+ Kh6 37. Rc8 f5 38. Bf3 g4 39. Bxd5 Rxd5 40. Rxc6 Rc3 41. Rxe6+ Kg5 42. c6 Rd1+ 43. Kg2 Rcc1 44. f4+ gxf3+ 45. Kxf3 Rd2 46. h4+ Kxh4 47. Kf4 Rdc2 48. c7 Kh3 49. Kxf5 a5 50. e4 a4 51. Ra6 a3 52. Rxa3+ Kg2 53. e5 Rf1+ 54. Ke6 Rf8 55. Ke7 Rh8 56. Rd3 Rh7+ 57. Kd8 Rh8 58.
e6 Rxc7 59. Kxc7 Rxe8 1-0

[Event "*** SCC Grand Prix: Titled Tuesday Blitz"]
[Site "Chess.com"]
[Date "2020.06.02"]
[Round "1"]
[White "JosefineHeinemann"]
[Black "floplover"]
[Result "1-0"]
[WhiteElo "2538"]
[BlackElo "2183"]
[TimeControl "180+1"]
[EndTime "10:07:38 PDT"]
[Termination "JosefineHeinemann won on time"]

1. e4 c6 2. d4 d5 3. e5 Bf5 4. Nf3 e6 5. Be2 Nd7 6. O-O Ne7 7. Nbd2 h6 8. b3 c5 9. c4 g5 10. cxd5 Nxd5 11. Nc4 b5 12. Nd6+ Bxd6 13. exd6 Nc3 14. Qd2 Nxe2+ 15. Qxe2 c4 16. bxc4 bxc4 17. Qxc4 O-O 18.
Ne5 Nb6 19. Qb4 Nd5 20. Qa3 Rc8 21. Bd2 f6 22. Ba5 Nb6 23. Nf3 Rc6 24. Bb4 Qd7 25. Nd2 Rfc8 26. Rfc1 Nd5 27. Bc5 Nf4 28. Qe3 Qb7 29. Ne4 Kf7 30. Rab1 Qd7 31. h4 Kg6 32. Rb3 Ra6 33. Rb2 Qc6 34. f3 Qd5 35. Rcc2 Rac6 36. g4 Bxg4 37. fxg4 f5 38. Nc3 Qc4 39. h5+ Kf7 40.
gxf5 Rxc5 41. dxc5 Rxc5 42. fxe6+ Kg8 43. e7 Rc8 44. e8=Q+ Rxe8 45. Qxe8+ Kg7 46. Rb7+ Kf6 47. Qe7+ Kf5 48. Qf7+ Kg4 49. Qxc4 1-0

[Event "*** SCC Grand Prix: Titled Tuesday Blitz"]
[Site "Chess.com"]
[Date "2020.06.02"]
[Round "1"]
[White "abfchess"]
[Black "crywolf1986"]
[Result "0-1"]
[WhiteElo "2085"]
[BlackElo "2503"]
[TimeControl "180+1"]
[EndTime "10:07:38 PDT"]
[Termination "crywolf1986 won by resignation"]

1. d4 d5 2. Nf3 e6 3. Bg5 Be7 4.
Bxe7 Nxe7 5. c3 Nd7 6. e3 c5 7.
Bd3 cxd4 8. exd4 Nf6 9. O-O O-O 10. Nbd2 Ng6 11. Re1 b6 12. Ne5 Bb7 13. Qf3 Rc8 14.
Rac1 Nd7 15. Qg3 Ndxe5 16. dxe5 Qh4 17. Qxh4 Nxh4 18. g3 Ng6 19. f4 Ne7 20. Nf3 Rc7 21. Nd4 a6 22. Rcd1 Nc6 23. Bf1 Nxd4 24. Rxd4 Rfc8 25.
Kf2 g6 26. Ke3 b5 27. g4 Rc5 28. Bd3 a5 29. a3 Ba6 30. f5 R8c6 31. fxg6 hxg6 32.
Rf1 Kg7 33. Rdf4 Rc7 34. h4 Bc8 35. h5 gxh5 36. gxh5 f5 37. exf6+ Kf8 38. h6 e5 39. Rh4 e4 40. Be2 Rh7 41. Rg1 Rc6 42. Rg7 Rh8 43.
h7 Bf5 44. Bxb5 Rxf6 45. Ra7 Be6 46. Kd4 Bf7 47. Ra8+ Kg7 48. Rxh8 Kxh8 49. b4 axb4 50. axb4 Rf2 51. Bc6 Rd2+ 52. Ke5 e3 53. b5 e2 54. Rh1 Rd1 55. b6 Rxh1 56. b7 Rb1 0-1

[Event "*** SCC Grand Prix: Titled Tuesday Blitz"]
[Site "Chess.com"]
[Date "2020.06.02"]
[Round "1"]
[White "ashookk"]
[Black "bait_or_mate"]
[Result "1/2-1/2"]
[WhiteElo "2206"]
[BlackElo "2542"]
[TimeControl "180+1"]
[EndTime "10:07:39 PDT"]
[Termination "Game drawn by repetition"]

1. Nf3 d5 2. c4 e6 3. Qc2 Nf6 4. d4 a6 5. cxd5 exd5 6. Nc3 c6 7. Bg5 Bg4 8. Ne5 Bh5 9. e3 Be7 10. Bd3 Nbd7 11. O-O Bg6 12. f4 Bxd3 13. Qxd3 O-O 14. Rf3 h6 15. Rh3 Nh7 16. Bxh6 gxh6 17. Rxh6 f5 18. Ng6 Rf6 19. Nxe7+ Qxe7 20. Rh5 Qe6 21. Rf1 Raf8 22. Rf3 Rg6 23. Rfh3 Rg7 24. Ne2 Qg6 25. Ng3 Ndf6 26. Rh6 Qf7 27. Nxf5 Rg4 28. Rxh7 Qxh7 29. Rxh7 Kxh7 30. Ne7+ Kg7 31. Nf5+ Kh8 32. h3 Rgg8 33. Nh6 Rg7 34. g4 Ne4 35. g5 Nxg5 36. fxg5 Rxg5+ 37. Kh1 Rf3 38. Ng4 Rxh3+ 39. Nh2 Rhg3 40. Qf1 Kh7 41.
Qf7+ Kh8 42. Qf8+ Kh7 43. Qf7+ Kh8 44. Qf1 Kh7 45. Nf3 Rh5+ 46. Nh2 Rhg5 1/2-1/2